 Dungeon Crawl Stone Soup version 0.31.0-12-g77e489cdc1 (webtiles) character file.

Game seed: 16615043231853557088

22 monsoonserge the Covert (level 2, -4/16 HPs)
             Began as a Spriggan Delver on Feb 23, 2024.
             Slain by a river rat (6 damage)
             ... on level 5 of the Dungeon.
             The game lasted 00:01:27 (138 turns).

monsoonserge the Covert (Spriggan Delver)            Turns: 138, Time: 00:01:28

Health: -4/16      AC:  2    Str:  8    XL:     2   Next: 68%
Magic:  3/3        EV: 17    Int: 11    God:
Gold:   14         SH:  0    Dex: 16    Spells: 1/1 levels left

rFire   . . .        a - +0 short sword
rCold   . . .        (no shield)
rNeg    . . .        b - +0 robe
rPois   .            (helmet restricted)
rElec   .            (no cloak)
rCorr   .            (gloves unavailable)
SInv    +            (boots unavailable)
Will    .....        (no amulet)
Stlth   ++++         (no ring)
HPRegen 0.22/turn    (no ring)
MPRegen 0.08/turn

%: no passive effects
@: very quick
A: very small, no large weapons, unfitting armour, see invisible, speed 3
a: no special abilities


You were on level 5 of the Dungeon.
You visited 1 branch of the dungeon, and saw 1 of its levels.

You collected 14 gold pieces.

Inventory:

Hand Weapons
 a - a +0 short sword (weapon)
Armour
 b - a +0 robe (worn)
Wands
 g - a wand of digging (3)
Scrolls
 c - a scroll of fog
 d - a scroll of revelation
 e - a scroll of fear
 h - a scroll of poison {unknown}
Potions
 f - a potion of haste


   Skills:
 + Level 2.5 Fighting
 * Level 2.6 Short Blades
 + Level 2.8 Dodging
 - Level 8.0 Stealth


You had one spell level left.
You didn't know any spells.
Your spell library was empty.

Dungeon Overview and Level Annotations

Branches:
Dungeon (5/15)
 Temple: D:4-7

Altars:
Gozag


Innate Abilities, Weirdness & Mutations

You are very small and have problems with some larger weapons.
You are too small for most types of armour.
You have supernaturally acute eyesight. (SInv)
You cover ground extremely quickly. (Speed+++)


Message History

The phantom is lightly damaged.
You hit the phantom.
The phantom is lightly damaged.
You hit the phantom but do no damage.
The phantom is lightly damaged.
The phantom barely misses you.
You closely miss the phantom.
The phantom is lightly damaged.
The phantom completely misses you.
You barely miss the phantom.
The phantom is lightly damaged.
You hear the slow rusting of a drain.
You hear the slow hiss of an avalanche of sand nearby.
The phantom hits you.
The phantom blinks!
You blink.
You are too injured to fight recklessly!
You closely miss the phantom.
You punch the phantom, but do no damage.
The phantom is lightly damaged.
The phantom hits you.
The phantom blinks!
You blink.
You hit the phantom but do no damage.
The phantom is lightly damaged.
The phantom misses you.
You hit the phantom.
The phantom is lightly damaged.
The phantom hits you.
* * * LOW HITPOINT WARNING * * *
The phantom blinks!
You blink.
You hit the phantom but do no damage.
The phantom is lightly damaged.
The phantom closely misses you. The river rat closely misses you.
You hit the river rat.
The river rat is almost dead.
Press: ? - help, v - describe, . - travel, g - get item
Here: a river rat (almost dead) Item here: an adder corpse.
The floor.
You barely miss the river rat.
The river rat is almost dead.
The river rat bites you.
You die...

.. ..##. ..# ..+..
+###.## .... .......
########+##..+##......#
##ยง..##W...#............
#.....r@...+............
########...#....>.......
#....# #...#............
#...~# #...#............
...S#~# ##..#............
#.~~~~# ##..#.......#####
#..~#r# #...#.......#
#$.~~~# #...#.......#
#...#~# #.......W...#


You could see a phantom and a river rat.

Vanquished Creatures
  An adder (D:5)
  A river rat (D:5)
  A ribbon worm (D:5)
  A rat (D:5)
4 creatures vanquished.

Notes
Turn   | Place    | Note
-------+----------+-------------------------------------------
     0 | D:5      | monsoonserge the Spriggan Delver began the quest for the
                  | Orb.
     0 | D:5      | Reached XP level 1. HP: 11/11 MP: 2/2
     0 | D:5      | Found an opulent altar of Gozag.
    42 | D:5      | Reached XP level 2. HP: 16/16 MP: 3/3
    81 | D:5      | Noticed a phantom
   117 | D:5      | Reached skill level 8 in Stealth
   138 | D:5      | Slain by a river rat

Illustrated notes

Levels and vault maps discovered:
D:5:      layout_gridville, nicolae_gozag_seed_capital, evilmike_ruin_ashenzari,
          nicolae_ossuary_entry_giza, lightli_sewer_entry_pipes, uniq_edmund

Skill      XL: |  1  2 |
---------------+-------+-----
Stealth        | 8 |  8.0
Fighting       | |  2.5
Short Blades   | |  2.6
Dodging        | |  2.8

Action                     || total
---------------------------++-------
  Melee: Short sword       ||    60
         Punch             ||     1
   Stab: Sleeping          ||     2
 Armour: Robe              ||    14
  Dodge: Dodged            ||    34
